 Dungeon Crawl Stone Soup version 0.19.1-1-g22dce08 (webtiles) character file.

312 dngmouse the Cleaver (level 6, -15/52 HPs)
             Began as a Hill Orc Fighter on Jan 15, 2017.
             Demolished by an ogre
             ... wielding a +0 giant spiked club
              (24 damage)
             ... on level 4 of the Dungeon.
             The game lasted 00:10:22 (2853 turns).

dngmouse the Cleaver (Hill Orc Fighter)             Turns: 2853, Time: 00:10:22

Health: -15/52     AC: 11    Str: 21    XL:     6   Next: 42%
Magic:  6/6        EV:  5    Int: 10    God:
Gold:   138        SH:  7    Dex: 10    Spells: 0 memorised, 5 levels left

rFire  + . .     SeeInvis .     a - +0 war axe
rCold  . . .     Gourm    .     p - +2 chain mail {rF+}
rNeg   . . .     Faith    .     c - +0 shield
rPois  .         Spirit   .     (no helmet)
rElec  .         Reflect  .     (no cloak)
rCorr  .         Harm     .     z - +0 pair of gloves
MR     .....                    (no boots)
Stlth  ..........               v - amulet of regeneration
                                (no ring)
                                (no ring)

@: very heavily drained
A: clever 1, wild magic 1, sturdy frame 1
a: no special abilities


You were on level 4 of the Dungeon.
You were not hungry.

You visited 1 branch of the dungeon, and saw 4 of its levels.

You collected 138 gold pieces.

Inventory:

Hand Weapons
 a - a +0 war axe (weapon)
Armour
 c - a +0 shield (worn)
 p - a +2 chain mail of fire resistance (worn)
 z - a +0 pair of gloves (worn)
Jewellery
 e - an uncursed amulet of faith
 s - an uncursed ring of fire
 v - an amulet of regeneration (around neck)
Wands
 n - a wand of paralysis (0/24)
Scrolls
 g - 3 scrolls of identify {unknown}
 h - 2 scrolls of random uselessness {unknown}
 k - a scroll of amnesia {unknown}
 o - a scroll of teleportation {unknown}
 t - a scroll of enchant weapon {unknown}
 w - a scroll of magic mapping {unknown}
 y - a scroll of blinking {unknown}
 B - a scroll of immolation {unknown}
Potions
 b - a potion of lignification {unknown}
 d - a potion of might
 i - a potion of curing
 j - 2 potions of ambrosia {unknown}
 l - a potion of resistance {unknown}
 r - a potion of haste {unknown}
 x - a potion of cancellation {unknown}
Comestibles
 f - 3 bread rations
 m - 3 slices of pizza
 q - 4 fruits
 u - a meat ration
 A - 13 chunks of flesh


   Skills:
 - Level 4.0(0.1) Fighting
 * Level 8.5(4.1) Axes
 - Level 3.2(0.0) Armour
 - Level 3.2(0.0) Shields


You had 5 spell levels left.
You didn't know any spells.

Dungeon Overview and Level Annotations

Branches:
Dungeon (4/15)
 Temple: D:4-7

Altars:
Ru
Xom

Annotations:
D:3 TuxedoFelix's ghost, amateur MiFi


Innate Abilities, Weirdness & Mutations

Your mind is acute. (Int +2)
Your spells are a little harder to cast, but a little more powerful.
Your movements are slightly less encumbered by armour. (ER -2)


Message History

The ogre is moderately wounded.
The ogre hits you with a giant spiked club!
You hit the ogre.
The ogre is heavily wounded.
The ogre hits you with a giant spiked club!
* * * LOW HITPOINT WARNING * * *
You slash the ogre!
The ogre is severely wounded.
The ogre hits you but does no damage.
You barely miss the ogre.
The ogre is severely wounded.
The ogre hits you with a giant spiked club!
* * * LOW HITPOINT WARNING * * *
You hit the ogre.
The ogre is almost dead.
The ogre barely misses you.
You hit the ogre but do no damage.
The ogre is almost dead.
The ogre hits you with a giant spiked club!!
You die...

#.#.#.######## #.#.#.........
... ###.#.#..###### #.#
.##.#.#....# #.# #########
.##........# #.# #.......#.
.##...#....# #.# #.........
.##...#....# #.# #.$.......
.##...#....#######.####.........
...........'....@OS...'.........
###...#....############.........
..............# #.............
#####.........#####.............
..................+.......[...##
######..#.....#####....S......#
..................+.....####+##
#######.#..########.....#
.........###### ####...


You could see an ogre and an adder.

Vanquished Creatures
  A howler monkey (D:4)
  A hound (D:4)
  Terence (D:3)
  An iguana (D:4)
  An orc wizard (D:3)
  8 adders
  An ooze (D:3)
  An adder skeleton (D:4)
  2 worms
  A dart slug (D:3)
  3 leopard geckos
  5 orcs
  5 giant cockroaches
  5 goblins
  6 hobgoblins
  5 jackals
  6 kobolds
  A quokka (D:4)
  A ball python (D:1)
  6 bats
  6 frilled lizards
  A quokka skeleton (D:4)
  9 rats
77 creatures vanquished.

Vanquished Creatures (others)
  A hound (D:4)
  An adder (D:4)
  A leopard gecko (D:4)
3 creatures vanquished.

Grand Total: 80 creatures vanquished

Notes
Turn   | Place    | Note
-------+----------+-------------------------------------------
     0 | D:1      | dngmouse the Hill Orc Fighter began the quest for the Orb.
     0 | D:1      | Reached XP level 1. HP: 19/19 MP: 1/1
   125 | D:1      | Reached skill level 3 in Axes
   129 | D:1      | Reached XP level 2. HP: 17/27 MP: 2/2
   415 | D:2      | Found a sacrificial altar of Ru.
   622 | D:2      | Reached skill level 4 in Axes
   643 | D:2      | Reached XP level 3. HP: 32/33 MP: 3/3
  1059 | D:3      | Noticed TuxedoFelix's ghost (amateur MiFi)
  1069 | D:3      | Gained mutation: Your movements are slightly less encumbered by armour. (ER -2) [potion of mutation]
  1069 | D:3      | Gained mutation: Your spells are a little harder to cast, but a little more powerful. [potion of mutation]
  1069 | D:3      | Gained mutation: Your mind is acute. (Int +2) [potion of mutation]
  1356 | D:3      | Noticed Terence
  1372 | D:3      | Killed Terence
  1372 | D:3      | Reached skill level 5 in Axes
  1372 | D:3      | Reached XP level 4. HP: 22/40 MP: 4/4
  1813 | D:3      | Reached skill level 6 in Axes
  1977 | D:3      | Reached XP level 5. HP: 46/46 MP: 5/5
  2439 | D:3      | Reached skill level 7 in Axes
  2596 | D:4      | Found a shimmering altar of Xom.
  2623 | D:4      | Reached skill level 8 in Axes
  2623 | D:4      | Reached XP level 6. HP: 49/52 MP: 6/6
  2853 | D:4      | Demolished by an ogre

Skill      XL: |  1  2  3  4  5 |
---------------+----------------+-----
Axes           | 3 4 5 6 8 |  8.5
Fighting       | 4 |  4.0
Armour         | |  3.2
Shields        | |  3.2

Action                   |  1- 3 |  4- 6 || total
-------------------------+-------+-------++-------
Melee: War axe           |   115 |   269 ||   384
Evoke: Wand              |       |     1 ||     1
  Use: Potion            |     2 |       ||     2
  Eat: Chunk             |       |     6 ||     6
       Fruit             |       |     1 ||     1
Armor: Scale mail        |    47 |       ||    47
       Chain mail        |       |   192 ||   192
Dodge: Dodged            |    27 |    74 ||   101
Block: Shield            |    57 |   118 ||   175
